 Dungeon Crawl Stone Soup version 0.22.1-2-g9c5b331383 (webtiles) character file.

3563 Jerry the Cleaver (level 10, -7/84 HPs)
             Began as a Ghoul Gladiator on Nov 23, 2018.
             Mangled by a two-headed ogre
             ... wielding a +0 giant spiked club
              (13 damage)
             ... on level 8 of the Dungeon.
             The game lasted 00:27:45 (7163 turns).

Jerry the Cleaver (Ghoul Gladiator)                 Turns: 7163, Time: 00:27:46

Health: -7/84      AC:  4    Str: 26    XL:     10   Next: 9%
Magic:  0/9        EV: 12    Int:  4    God:
Gold:   354        SH:  5    Dex: 12    Spells: 9/9 levels left

rFire    . . .     SeeInvis .   o - +0 war axe (vamp)
rCold    + . .     Gourm    .   u - +0 buckler
rNeg     + + +     Faith    .   g - +0 ring mail
rPois    ∞         Spirit   +   c - +1 helmet
rElec    .         Reflect  .   e - +2 cloak
rCorr    .         Harm     .   A - +0 pair of gloves
MR       .....                  (no boots)
Stlth    +.........             d - amulet of guardian spirit
HPRegen  0.00/turn              (no ring)
MPRegen  0.11/turn              q - +2 ring of dexterity

@: mighty, corroded, rotting
A: rotting body, claws 1, carnivore, cold resistance 1, negative energy
resistance 3, inhibited regeneration, torment resistance, unbreathing
a: no special abilities


You were on level 8 of the Dungeon.
You were not hungry.

You visited 2 branches of the dungeon, and saw 9 of its levels.

You collected 354 gold pieces.

Inventory:

Hand Weapons
 a - a +0 war axe
 o - a +0 vampiric war axe (weapon)
 p - a +2 whip of flaming
Armour
 b - a +0 leather armour
 c - a +1 helmet (worn)
 e - a +2 cloak (worn)
 g - a +0 ring mail (worn)
 u - a +0 buckler (worn)
 A - a +0 pair of gloves (worn)
Jewellery
 d - an amulet of guardian spirit (around neck)
 j - an uncursed ring of flight
 q - a +2 ring of dexterity (right hand)
 v - an uncursed ring of protection from magic {unknown}
Wands
 r - a wand of iceblast (12)
 z - a wand of acid (7)
Scrolls
 k - 4 scrolls of teleportation
 m - 3 scrolls of identify
 n - 2 scrolls of fog
 t - 8 scrolls of remove curse
 w - a scroll of enchant weapon {unknown}
 y - 2 scrolls of immolation
Potions
 i - a potion of curing
 l - a potion of flight
Comestibles
 f - 14 rations
 s - 8 chunks of flesh


   Skills:
 + Level 6.8 Fighting
 * Level 8.2 Axes
 + Level 5.7 Throwing
 + Level 5.2 Armour
 - Level 2.6 Dodging
 - Level 4.0 Shields


You had 9 spell levels left.
You didn't know any spells.
Your spell library was empty.

Dungeon Overview and Level Annotations

Branches:
Dungeon (8/15)             Temple (1/1) D:6
   Lair: D:8-11

Altars:
Ashenzari
Cheibriados
Elyvilon
Fedhas
Gozag
Kikubaaqudgha
Makhleb
Nemelex Xobeh
Qazlal
Ru
Sif Muna
Uskayaw
Vehumet
Wu Jian
Xom
Yredelemnul
Zin
The Shining One

Annotations:
D:8 3 runed doors


Innate Abilities, Weirdness & Mutations

Your body is rotting away.
You thrive on raw meat.
You are immune to poison.
You have sharp fingernails.
You are carnivorous and can eat meat at any time.
Your flesh is cold resistant. (rC+)
You are immune to negative energy. (rN+++)
You do not regenerate when monsters are visible.
You are immune to unholy pain and torment.
You can survive without breathing.


Message History

* * * LOW HITPOINT WARNING * * *
The two-headed ogre hits you with a dire flail!
* * * LOW HITPOINT WARNING * * *
You hit the two-headed ogre.
You feel better.
The two-headed ogre is heavily wounded.
The two-headed ogre is no longer covered in acid.
You hit the two-headed ogre.
You feel better.
The two-headed ogre is heavily wounded.
The two-headed ogre completely misses you.
You block the two-headed ogre's attack.
You hit the two-headed ogre but do no damage.
The two-headed ogre is heavily wounded.
The two-headed ogre barely misses you.
The two-headed ogre hits you with a dire flail!
* * * LOW HITPOINT WARNING * * *
You hit the two-headed ogre.
You feel better.
The two-headed ogre is severely wounded.
You block the two-headed ogre's attack.
The two-headed ogre hits you with a dire flail!
You die...

#..####.# ##.## #.....#
##.......# ##...## ##.####
#.......####.....### #.#
#.#...............)######.#
#.#.#...######.###.[.(....#
#.#.....# #.# ##########
#.###...# #.# #.####.## #.#
#......# #@# ######## #O#
#.# #.# ### #######)#.....
#.....)...O.# #.....#.#.#.#
...........# ##.........#


You could see a two-headed ogre.

Vanquished Creatures
  Pikel (D:7)
  A hippogriff (D:8)
  Sigmund (D:3)
  4 hogs (D:7)
  A hungry ghost (D:8)
  2 ice beasts
  2 sky beasts
  A slave (D:7)
  A black bear (D:8)
  3 centaurs
  An ogre (D:7)
  A big kobold (D:8)
  3 bullfrogs
  2 jellies
  3 scorpions
  A quasit (D:7)
  A bullfrog zombie (D:5)
  3 orc priests
  5 orc wizards
  4 hounds
  Terence (D:3)
  An iguana (D:7)
  3 worker ants (D:7)
  A hound zombie (D:5)
  A hound skeleton (D:3)
  A gnoll (D:1)
  A howler monkey zombie (D:5)
  A worker ant zombie (D:5)
  11 adders
  2 howler monkey skeletons
  A shadow imp (D:7)
  An ooze (D:2)
  An adder skeleton (D:8)
  An adder zombie (D:5)
  2 worms
  4 dart slugs
  8 leopard geckos
  20 orcs
  9 bats
  7 giant cockroaches
  8 goblins
  7 hobgoblins
  20 jackals
  A quokka (D:3)
  5 frilled lizards
  13 kobolds
  A quokka zombie (D:6)
  9 rats
182 creatures vanquished.

Vanquished Creatures (others)
  A human (D:7)
  2 slaves (D:7)
  A sky beast (D:8)
  A centaur (D:7)
5 creatures vanquished.

Grand Total: 187 creatures vanquished

Notes
Turn   | Place    | Note
-------+----------+-------------------------------------------
     0 | D:1      | Jerry the Ghoul Gladiator began the quest for the Orb.
     0 | D:1      | Reached XP level 1. HP: 17/17 MP: 0/0
    53 | D:1      | Reached XP level 2. HP: 21/25 MP: 1/1
    77 | D:1      | Reached skill level 3 in Axes
   166 | D:1      | Reached XP level 3. HP: 30/30 MP: 2/2
   407 | D:1      | Reached skill level 1 in Armour
   571 | D:1      | Reached XP level 4. HP: 9/37 MP: 3/3
  1577 | D:3      | Noticed Sigmund
  1591 | D:3      | Killed Sigmund
  1591 | D:3      | Reached skill level 4 in Axes
  1591 | D:3      | Reached skill level 1 in Shields
  1591 | D:3      | Reached XP level 5. HP: 35/45 MP: 4/4
  1591 | D:3      | Reached XP level 6. HP: 39/51 MP: 5/5
  1741 | D:3      | Noticed Terence
  1748 | D:3      | Killed Terence
  2221 | D:3      | Reached XP level 7. HP: 58/58 MP: 6/6
  2416 | D:3      | Found a burning altar of Makhleb.
  2423 | D:3      | Found a snail-covered altar of Cheibriados.
  2442 | D:3      | Found an ancient bone altar of Kikubaaqudgha.
  3117 | D:5      | Entered Level 5 of the Dungeon
  3420 | D:5      | Reached skill level 5 in Axes
  3699 | D:5      | HP: 2/59 [hound zombie (2)]
  4239 | D:6      | Found a staircase to the Ecumenical Temple.
  4261 | Temple   | Entered the Ecumenical Temple
  4680 | D:6      | Reached XP level 8. HP: 62/64 MP: 7/7
  5913 | D:7      | Noticed Pikel
  5934 | D:7      | HP: 3/67 [bullfrog (4)]
  5943 | D:7      | Killed Pikel
  5943 | D:7      | Reached skill level 5 in Fighting
  5943 | D:7      | Reached skill level 6 in Axes
  5943 | D:7      | Reached XP level 9. HP: 16/74 MP: 1/8
  6031 | D:7      | Found a radiant altar of Vehumet.
  6119 | D:7      | Reached skill level 7 in Axes
  6120 | D:7      | Reached skill level 5 in Throwing
  6579 | D:8      | Noticed a two-headed ogre
  6707 | D:8      | Found a runed gate.
  6707 | D:8      | Found a runed gate.
  6708 | D:8      | Found a runed gate.
  7027 | D:8      | Reached skill level 5 in Armour
  7038 | D:8      | Reached skill level 8 in Axes
  7038 | D:8      | Reached XP level 10. HP: 83/84 MP: 9/9
  7162 | D:8      | HP: 3/84 [two-headed ogre/giant spiked club (15)]
  7163 | D:8      | Mangled by a two-headed ogre

Skill      XL: |  1  2  3  4  5  6  7  8  9 |
---------------+----------------------------+-----
Axes           | 3 4 5 6 8 |  8.2
Throwing       | 2 3 4 5 |  5.7
Armour         | 1 2 3 5 |  5.2
Fighting       | 3 4 5 6 |  6.8
Shields        | 1 2 3 4 |  4.0
Dodging        | |  2.6

Action                   |  1- 3 |  4- 6 |  7- 9 | 10-12 || total
-------------------------+-------+-------+-------+-------++-------
Melee: War axe           |   132 |   159 |   463 |    55 ||   809
Throw: Throwing net      |     2 |     2 |     1 |       ||     5
Evoke: Wand              |       |       |       |     1 ||     1
  Use: Scroll            |       |       |    12 |       ||    12
       Potion            |       |       |     9 |     1 ||    10
 Stab: Held in net/web   |       |     1 |     2 |       ||     3
  Eat: Chunk             |    12 |    22 |    56 |     3 ||    93
       Ration            |       |       |     1 |       ||     1
Armor: Leather armour    |    52 |     7 |       |       ||    59
       Ring mail         |       |    71 |   312 |    21 ||   404
Dodge: Dodged            |   104 |   116 |   354 |    22 ||   596
Block: Buckler           |       |       |    26 |     9 ||    35
